 Dungeon Crawl Stone Soup version 0.25-a0-566-g062765be81 (webtiles) character file.

Game seed: 5467088442470823357, levelgen mode: deterministic

1780 Flugslaktarn the Cleaver (level 8, -3/73 HPs)
             Began as a Minotaur Fighter on Feb 28, 2020.
             Was an Initiate of Gozag.
             Slain by Pikel
             ... wielding a +0 whip of electrocution
              (20 damage)
             ... on level 6 of the Dungeon.
             The game lasted 00:02:19 (4521 turns).

Flugslaktarn the Cleaver (Minotaur Fighter)         Turns: 4521, Time: 00:02:20

Health: -3/73      AC: 14    Str: 24    XL:     8   Next: 81%
Magic:  7/7        EV:  6    Int:  5    God:    Gozag
Gold:   714        SH: 11    Dex:  9    Spells: 7/7 levels left

rFire    . . .     SeeInvis .   a - +0 war axe
rCold    . . .     Gourm    .   c - +0 kite shield
rNeg     . . .     Faith    .   k - +0 chain mail
rPois    .         Spirit   .   f - +1 hat
rElec    .         Reflect  .   r - +0 cloak
rCorr    .         Harm     .   m - +0 pair of gloves
MR       .....                  (no boots)
Stlth    ..........             (no amulet)
HPRegen  0.22/turn              (no ring)
MPRegen  0.10/turn              (no ring)

@: no status effects
A: retaliatory headbutt, horns 2
a: Potion Petition, Call Merchant, Bribe Branch, Renounce Religion


You were on level 6 of the Dungeon.
You worshipped Gozag.
Gozag was pleased with you.
You were not hungry.

You visited 1 branch of the dungeon, and saw 6 of its levels.

You collected 733 gold pieces.
You paid 19 gold pieces to Gozag.

Inventory:

Hand Weapons
 a - a +0 war axe (weapon)
Armour
 b - a +0 scale mail
 c - a +0 kite shield (worn)
 f - a +1 hat (worn)
   (You found it on level 1 of the Dungeon)
 k - a +0 chain mail (worn)
   (You found it on level 1 of the Dungeon)
 m - a +0 pair of gloves (worn)
   (You found it on level 1 of the Dungeon)
 r - a +0 cloak (worn)
   (You found it on level 2 of the Dungeon)
Jewellery
 B - an uncursed ring of fire {unknown}
   (You found it on level 5 of the Dungeon)
Wands
 v - a wand of digging (4)
   (You took it off Dowan on level 6 of the Dungeon)
 y - a wand of iceblast (11)
   (You found it on level 4 of the Dungeon)
 D - a wand of acid (12)
   (You found it on level 5 of the Dungeon)
Scrolls
 h - 3 scrolls of immolation {unknown}
 i - 3 scrolls of teleportation {unknown}
 j - 4 scrolls of remove curse {unknown}
 l - 2 scrolls of magic mapping {unknown}
 n - 9 scrolls of identify {unknown}
 o - 5 scrolls of enchant armour {unknown}
 p - a scroll of fog {unknown}
 u - a scroll of noise {unknown}
 x - a scroll of random uselessness {unknown}
 z - 2 scrolls of fear {unknown}
Potions
 d - a potion of might
 g - a potion of degeneration {unknown}
 q - 2 potions of heal wounds {unknown}
 s - 2 potions of brilliance {unknown}
 t - a potion of ambrosia {unknown}
 w - 2 potions of berserk rage {unknown}
 A - 2 potions of curing
 C - a potion of magic {unknown}
 E - 2 potions of flight {unknown}
 F - a potion of mutation {unknown}
Comestibles
 e - 4 rations


   Skills:
 + Level 7.0 Fighting
 * Level 9.0 Axes
 + Level 7.0 Armour
 + Level 7.1 Shields


You had 7 spell levels left.
You didn't know any spells.
Your spell library was empty.

Dungeon Overview and Level Annotations

Branches:
Dungeon (6/15)
 Temple: D:4-7

Altars:
Dithmenos
Gozag
Hepliaklqana
Nemelex Xobeh
Uskayaw
Wu Jian
Yredelemnul
The Shining One

Annotations:
D:6 Pikel


Innate Abilities, Weirdness & Mutations

You reflexively headbutt those who attack you in melee.
You have a pair of horns on your head.


Message History

Okay, then.
You are too injured to fight recklessly!
You are too injured to fight recklessly!
You are too injured to fight recklessly!
You are too injured to fight recklessly!
You barely miss Pikel. Your headbutt misses Pikel.
Pikel is heavily wounded.
Pikel hits you but does no damage.
Pikel hits you with a +0 whip of electrocution.
* * * LOW HITPOINT WARNING * * *
You hit Pikel.
Pikel is severely wounded.
Pikel says, "You'll fetch a fair price!"
Pikel hits you with a +0 whip of electrocution.
* * * LOW HITPOINT WARNING * * *
You hit Pikel.
Pikel is severely wounded.
Pikel hits you but does no damage.
You are electrocuted!!
You die...
Your body crumbles into a pile of gold.

#...#######
#.###
#.######
#......#
######.#
#.# #.# #.#
#@#
#######K#
....=.pp#
.###....#
#.......
#.......#
#.......#
#.#...###
....... $


You could see Pikel and 2 slaves.

Vanquished Creatures
  Grinder (D:5)
  Sigmund (D:3)
  Eustachio (D:4)
  Menkaure (D:5)
  A water moccasin (D:6)
  Duvessa (D:6)
  2 slaves (D:6)
  An ogre (D:4)
  Blork the orc (D:5)
  Dowan (D:6)
  A howler monkey (D:5)
  A crimson imp (D:5)
  A centaur zombie (D:5)
  Crazy Yiuf (D:2)
  7 orc wizards
  3 hounds
  A jelly (D:4)
  Jessica (D:2)
  2 iguanas
  2 worker ants (D:3)
  Robin (D:2)
  3 adders
  A shadow imp (D:5)
  An adder zombie (D:5)
  6 worms
  A dart slug (D:1)
  8 leopard geckos
  11 orcs
  A ball python (D:1)
  4 giant cockroaches
  23 goblins
  13 hobgoblins
  7 jackals
  8 kobolds
  5 quokkas
  13 bats
  6 frilled lizards
  6 rats
149 creatures vanquished.

Notes
Turn   | Place    | Note
-------+----------+-------------------------------------------
     0 | D:1      | Flugslaktarn the Minotaur Fighter began the quest for the
                  | Orb.
     0 | D:1      | Reached XP level 1. HP: 19/19 MP: 0/0
    14 | D:1      | Reached XP level 2. HP: 16/27 MP: 1/1
    46 | D:1      | Reached skill level 3 in Axes
   337 | D:1      | Reached XP level 3. HP: 33/33 MP: 2/2
   637 | D:2      | Noticed Jessica
   640 | D:2      | Killed Jessica
   640 | D:2      | Reached XP level 4. HP: 37/40 MP: 3/3
   642 | D:2      | Reached skill level 4 in Axes
   655 | D:2      | Noticed Robin
   690 | D:2      | Killed Robin
  1076 | D:2      | Found a sparkling altar of Nemelex Xobeh.
  1129 | D:2      | Found a hazy altar of Hepliaklqana.
  1132 | D:2      | Found a hide-covered altar of Uskayaw.
  1146 | D:2      | Found an ornate altar of the Wu Jian Council.
  1155 | D:2      | Found an opulent altar of Gozag.
  1192 | D:2      | Became a worshipper of Gozag Ym Sagoz the Greedy
  1251 | D:2      | Found a faded altar of an unknown god.
  1295 | D:2      | Found a runed translucent door.
  1296 | D:2      | Noticed Crazy Yiuf
  1503 | D:2      | Killed Crazy Yiuf
  1503 | D:2      | Reached XP level 5. HP: 46/47 MP: 4/4
  1746 | D:3      | Found a shadowy altar of Dithmenos.
  1815 | D:3      | Noticed Sigmund
  1824 | D:3      | Killed Sigmund
  1824 | D:3      | Reached skill level 5 in Axes
  1824 | D:3      | Reached skill level 5 in Shields
  1824 | D:3      | Reached XP level 6. HP: 50/55 MP: 5/5
  1889 | D:3      | Reached skill level 5 in Fighting
  1889 | D:3      | Reached skill level 5 in Armour
  1998 | D:3      | Found a glowing golden altar of the Shining One.
  2718 | D:4      | Reached skill level 6 in Axes
  2735 | D:4      | Noticed Eustachio
  2746 | D:4      | Reached XP level 7. HP: 34/61 MP: 6/6
  2748 | D:4      | Killed Eustachio
  3326 | D:5      | Entered Level 5 of the Dungeon
  3326 | D:5      | Noticed Grinder
  3338 | D:5      | Killed Grinder
  3338 | D:5      | Reached skill level 7 in Axes
  3484 | D:5      | Reached XP level 8. HP: 64/70 MP: 7/7
  3666 | D:5      | Noticed Menkaure
  3674 | D:5      | Killed Menkaure
  3674 | D:5      | Reached skill level 8 in Axes
  3892 | D:5      | Found a basalt altar of Yredelemnul.
  4217 | D:5      | Noticed Blork the orc
  4222 | D:5      | Killed Blork the orc
  4406 | D:6      | Noticed Duvessa
  4406 | D:6      | Noticed Dowan
  4421 | D:6      | Killed Duvessa
  4430 | D:6      | Killed Dowan
  4490 | D:6      | Noticed Pikel
  4492 | D:6      | Reached skill level 9 in Axes
  4521 | D:6      | Slain by Pikel

Levels and vault maps discovered:
D:1:      scummos_arrival_simple_crosswalls, layout_rooms, minmay_pentomino_x4
D:2:      layout_rooms, nemelex_altar_shiori, grunt_temple_overflow_cloverleaf,
          chequers_ecumenical_altar_simple, uniq_robin, uniq_crazy_yiuf_cottage,
          uniq_jessica
D:3:      layout_basic, grunt_dithmenos_smoke, tso_altar, uniq_sigmund
D:4:      layout_rooms, first_ration, uniq_eustachio
D:5:      layout_loops_cross, overflow_temple_1_default, nicolae_sextant,
          abandoned_shop, minmay_diced_spiral, uniq_menkaure,
          uniq_blork_the_orc, uniq_grinder
D:6:      layout_loops_ring, nicolae_qazlal_general_emergency,
          marbit_many_paths, minmay_temple_entry_mini_moons, uniq_pikel,
          uniq_duvessa

Skill      XL: |  1  2  3  4  5  6  7  8 |
---------------+-------------------------+-----
Axes           | 3 4 5 6 7 9 |  9.0
Shields        | 4 5 6 7 |  7.1
Armour         | 4 5 6 7 |  7.0
Fighting       | 4 5 6 7 |  7.0

Action                   |  1- 3 |  4- 6 |  7- 9 || total
-------------------------+-------+-------+-------++-------
Melee: War axe           |    67 |   191 |   152 ||   410
       Headbutt          |    10 |    24 |    26 ||    60
  Eat: Chunk             |       |     2 |       ||     2
       Ration            |       |     1 |     2 ||     3
Armor: Scale mail        |    15 |       |       ||    15
       Chain mail        |    26 |    85 |    87 ||   198
Dodge: Dodged            |    19 |    37 |    29 ||    85
Block: Kite shield       |    31 |    88 |    66 ||   185

Table legend:
 A = Non-vault XP
 B = Vault XP
 C = Vault XP percentage of total XP
 D = Non-vault monster count
 E = Vault monster count
 F = Vault count percentage of total count
                 A         B        C        D         E       F
            +---------+---------+-------+---------+---------+-------
      Total |    1152 |    1391 |  54.7 |     117 |      30 |  20.4
            +---------+---------+-------+---------+---------+-------
        D:1 |      65 |       7 |   9.7 |      36 |       4 |  10.0
        D:2 |      47 |     116 |  71.2 |      17 |      15 |  46.9
        D:3 |     143 |     223 |  60.9 |      31 |       1 |   3.1
        D:4 |     255 |     202 |  44.2 |      12 |       1 |   7.7
        D:5 |     397 |     618 |  60.9 |      14 |       7 |  33.3
        D:6 |     245 |     225 |  47.9 |       7 |       2 |  22.2
            +---------+---------+-------+---------+---------+-------
